| TOP OF THE 1ST |
|
Palm Beach Nationals batting - Pitching for Kelowna Heat : RHP Tong Huang
|
|
Pitching: RHP Tong Huang
|
|
|
Batting: RHB Bobby Bricker
|
0-0: Ball 1-0: Called Strike 1-1: Fly out, F8 (Flyball, 89M, EV 84.4 MPH)
|
|
Batting: RHB Victor Cintron
|
0-0: Called Strike 0-1: Swinging Strike 0-2: Ball 1-2: SINGLE (Line Drive, 6D, EV 106.9 MPH)
|
|
Batting: RHB Steve Bauman
|
0-0: Ball 1-0: Ball Victor Cintron is caught stealing 2nd base 2-4 2-0: SINGLE (Groundball, 34D, EV 108.1 MPH)
|
|
Batting: LHB Vince McLane
|
0-0: Ball 1-0: Ball 2-0: Called Strike 2-1: Ball 3-1: Ground out 4-3 (Groundball, 4, EV 101.2 MPH)
|
| Top of the 1st over - 0 runs, 2 hits, 0 errors, 1 left on base; Palm Beach 0 - Kelowna 0 |
| BOTTOM OF THE 1ST |
|
Kelowna Heat batting - Pitching for Palm Beach Nationals : RHP Matt Norris
|
|
Pitching: RHP Matt Norris
|
|
|
Batting: RHB Sadataka Kuwahara
|
0-0: Called Strike 0-1: Bunted foul 0-2: Strikes out swinging
|
|
Batting: RHB Miguel Gonzalez
|
0-0: Ball 1-0: Called Strike 1-1: Ball 2-1: Ball 3-1: Called Strike 3-2: Foul Ball, location: 2F 3-2: Strikes out swinging
|
|
Batting: LHB Chris West
|
0-0: Swinging Strike 0-1: Ball 1-1: Fly out, F5 (Line Drive, 5, EV 67.5 MPH)
|
| Bottom of the 1st over - 0 runs, 0 hits, 0 errors, 0 left on base; Palm Beach 0 - Kelowna 0 |
| TOP OF THE 2ND |
|
Palm Beach Nationals batting - Pitching for Kelowna Heat : RHP Tong Huang
|
|
Batting: RHB Chad Madsen
|
0-0: Called Strike 0-1: Ball 1-1: Called Strike 1-2: Ball 2-2: Strikes out swinging
|
|
Batting: RHB Antonio Vallez
|
0-0: Ball 1-0: Ball 2-0: Fly out, F9 (Flyball, 8RS, EV 82.5 MPH)
|
|
Batting: RHB Scott Merritt
|
0-0: Ball 1-0: Ball 2-0: Called Strike 2-1: Foul Ball, location: 2F 2-2: Foul Ball, location: 2F 2-2: Ground out 4-3 (Groundball, 4, EV 100.0 MPH)
|
| Top of the 2nd over - 0 runs, 0 hits, 0 errors, 0 left on base; Palm Beach 0 - Kelowna 0 |
| BOTTOM OF THE 2ND |
|
Kelowna Heat batting - Pitching for Palm Beach Nationals : RHP Matt Norris
|
|
Batting: LHB Steve Nevis
|
0-0: Ball 1-0: Swinging Strike 1-1: Ground out 4-3 (Groundball, 4, EV 88.1 MPH)
|
|
Batting: RHB Billy Pranger
|
0-0: Called Strike 0-1: Ball 1-1: Called Strike 1-2: Ball 2-2: Strikes out swinging
|
|
Batting: RHB Malik Sharpless
|
0-0: Called Strike 0-1: Foul Ball, location: 2F 0-2: DOUBLE (Line Drive, 89D, EV 101.2 MPH)
|
|
Batting: RHB Josh Truell
|
0-0: Ball 1-0: Foul Ball, location: 2F 1-1: Ball 2-1: Fly out, F8 (Line Drive, 8RM, EV 91.9 MPH)
|
| Bottom of the 2nd over - 0 runs, 1 hit, 0 errors, 1 left on base; Palm Beach 0 - Kelowna 0 |
| TOP OF THE 3RD |
|
Palm Beach Nationals batting - Pitching for Kelowna Heat : RHP Tong Huang
|
|
Batting: RHB Dave Burwell
|
0-0: Ball 1-0: Ball 2-0: Called Strike 2-1: SINGLE (Line Drive, 7, EV 96.2 MPH)
|
|
Batting: RHB Jelexiz Cuenca
|
0-0: Ball 1-0: Fly out, F4 (Flyball, 4D, EV 90.0 MPH)
|
|
Batting: RHB Bobby Bricker
|
0-0: Ball 1-0: Called Strike 1-1: Foul Ball, location: 2F 1-2: Ball Passed Ball! Dave Burwell to second 2-2: Strikes out swinging
|
|
Batting: RHB Victor Cintron
|
0-0: Ball 1-0: Foul Ball, location: 2F 1-1: Foul Ball, location: 2F 1-2: Foul Ball, location: 2F 1-2: Strikes out swinging
|
| Top of the 3rd over - 0 runs, 1 hit, 0 errors, 1 left on base; Palm Beach 0 - Kelowna 0 |
| BOTTOM OF THE 3RD |
|
Kelowna Heat batting - Pitching for Palm Beach Nationals : RHP Matt Norris
|
|
Batting: LHB Takaaki Nishimoto
|
0-0: Ball 1-0: Ball 2-0: Foul Ball, location: 2F 2-1: Foul Ball, location: 2F 2-2: SINGLE (Line Drive, 5D, EV 95.6 MPH)
|
|
Batting: RHB Dave Putnam
|
0-0: SINGLE (Groundball, 6MD, EV 100.0 MPH) Takaaki Nishimoto to second
|
|
Batting: RHB Sadataka Kuwahara
|
0-0: Ball 1-0: Called Strike 1-1: Foul Ball, location: 2F 1-2: Strikes out swinging
|
|
Batting: RHB Miguel Gonzalez
|
0-0: Ball 1-0: Foul Ball, location: 2F 1-1: Ball 2-1: Foul Ball, location: 2F 2-2: Ball 3-2: SINGLE (Flyball, 34D, EV 91.9 MPH) Takaaki Nishimoto to third Dave Putnam to second
|
|
Batting: LHB Chris West
|
0-0: SINGLE (Line Drive, 7S, EV 88.8 MPH) Takaaki Nishimoto scores Dave Putnam to third Miguel Gonzalez to second
|
|
Batting: LHB Steve Nevis
|
0-0: Fly out, F8 (Line Drive, 8RD, EV 91.2 MPH) Runner from 3rd tags up, SCORES, throw by CF Miguel Gonzalez to third
|
|
Batting: RHB Billy Pranger
|
0-0: Ball 1-0: Ground out 5-3 (Groundball, 56, EV 101.9 MPH)
|
| Bottom of the 3rd over - 2 runs, 4 hits, 0 errors, 2 left on base; Palm Beach 0 - Kelowna 2 |
| TOP OF THE 4TH |
|
Palm Beach Nationals batting - Pitching for Kelowna Heat : RHP Tong Huang
|
|
Batting: RHB Steve Bauman
|
0-0: Fly out, F5 (Flyball, 56D, EV 87.5 MPH)
|
|
Batting: LHB Vince McLane
|
0-0: Ball 1-0: Foul Ball, location: 2F 1-1: Ball 2-1: Fly out, F7 (Line Drive, 7D, EV 98.1 MPH)
|
|
Batting: RHB Chad Madsen
|
0-0: Ball 1-0: Foul Ball, location: 2F 1-1: Foul Ball, location: 2F 1-2: Ball 2-2: Foul Ball, location: 2F 2-2: Strikes out swinging
|
| Top of the 4th over - 0 runs, 0 hits, 0 errors, 0 left on base; Palm Beach 0 - Kelowna 2 |
| BOTTOM OF THE 4TH |
|
Kelowna Heat batting - Pitching for Palm Beach Nationals : RHP Matt Norris
|
|
Batting: RHB Malik Sharpless
|
0-0: Ball 1-0: SINGLE (Line Drive, 78S, EV 93.8 MPH)
|
|
Batting: RHB Josh Truell
|
0-0: Called Strike 0-1: Ball 1-1: Foul Ball, location: 2F 1-2: Fly out, F4 (Line Drive, 4, EV 71.2 MPH)
|
|
Batting: LHB Takaaki Nishimoto
|
0-0: Ball 1-0: Called Strike Malik Sharpless steals 2nd base 1-1: Ball 2-1: Ball 3-1: Base on Balls
|
|
Batting: RHB Dave Putnam
|
0-0: Called Strike 0-1: Ball 1-1: Ball 2-1: Foul Ball, location: 2F 2-2: Ball 3-2: Base on Balls Malik Sharpless to third Takaaki Nishimoto to second
|
|
Batting: RHB Sadataka Kuwahara
|
0-0: Ball 1-0: Foul Ball, location: 2F 1-1: Fly out, F9 (Flyball, 89S, EV 91.2 MPH)
|
|
Batting: RHB Miguel Gonzalez
|
0-0: SINGLE (Groundball, 56S, EV 66.2 MPH) (infield hit) Malik Sharpless scores Takaaki Nishimoto to third Dave Putnam to second
|
|
Batting: LHB Chris West
|
0-0: Called Strike 0-1: Hit by Pitch Takaaki Nishimoto scores Dave Putnam to third Miguel Gonzalez to second
|
|
Batting: LHB Steve Nevis
|
0-0: Called Strike 0-1: Ball 1-1: Called Strike 1-2: Ball 2-2: Foul Ball, location: 2F 2-2: SINGLE (Groundball, 6MD, EV 98.8 MPH) Dave Putnam scores Miguel Gonzalez to third Chris West to second Runner from 3rd tries for Home, SAFE, throw by CF to home
|
|
Batting: RHB Billy Pranger
|
0-0: Ball 1-0: Called Strike 1-1: Foul Ball, location: 2F 1-2: Fly out, F9 (Flyball, 9S, EV 88.1 MPH)
|
| Bottom of the 4th over - 4 runs, 3 hits, 0 errors, 2 left on base; Palm Beach 0 - Kelowna 6 |
| TOP OF THE 5TH |
|
Palm Beach Nationals batting - Pitching for Kelowna Heat : RHP Tong Huang
|
|
Batting: RHB Antonio Vallez
|
0-0: Ball 1-0: Called Strike 1-1: Foul Ball, location: 2F 1-2: Ball 2-2: Strikes out swinging
|
|
Batting: RHB Scott Merritt
|
0-0: Called Strike 0-1: Ball 1-1: Ground out 6-3 (Groundball, 56, EV 102.5 MPH)
|
|
Batting: RHB Dave Burwell
|
0-0: Swinging Strike 0-1: Ground out 6-3 (Groundball, 6, EV 108.1 MPH)
|
| Top of the 5th over - 0 runs, 0 hits, 0 errors, 0 left on base; Palm Beach 0 - Kelowna 6 |
| BOTTOM OF THE 5TH |
|
Kelowna Heat batting - Pitching for Palm Beach Nationals : RHP Matt Norris
|
|
Batting: RHB Malik Sharpless
|
0-0: Ball 1-0: Swinging Strike 1-1: Reached on error, E5 (Groundball, 56, EV 83.1 MPH)
|
|
Batting: RHB Josh Truell
|
0-0: Ball Passed Ball! Malik Sharpless to second 1-0: Swinging Strike 1-1: Foul Ball, location: 5F, Error on foul ball, E5 1-2: Ball 2-2: Ball 3-2: Base on Balls
|
|
Batting: LHB Takaaki Nishimoto
|
0-0: Called Strike 0-1: Ball 1-1: Ball 2-1: Called Strike 2-2: Foul Ball, location: 2F 2-2: Foul Ball, location: 2F 2-2: Ball 3-2: Foul Ball, location: 2F 3-2: Foul Ball, location: 2F 3-2: 3-RUN HOME RUN (Flyball, 89XD, EV 103.1 MPH), Distance : 431 ft
|
|
Pitching: RHP Kiyonaga Nakamura
|
|
|
Batting: RHB Dave Putnam
|
0-0: Ball 1-0: Foul Ball, location: 2F 1-1: Ball 2-1: Foul Ball, location: 2F 2-2: Foul Ball, location: 2F 2-2: Ball 3-2: Foul Ball, location: 2F 3-2: Foul Ball, location: 2F 3-2: Ground out 6-3 (Groundball, 6, EV 83.1 MPH)
|
|
Batting: RHB Sadataka Kuwahara
|
0-0: Fly out, F7 (Flyball, 7D, EV 89.4 MPH)
|
|
Batting: RHB Miguel Gonzalez
|
0-0: Called Strike 0-1: Foul Ball, location: 2F 0-2: Foul Ball, location: 2F 0-2: Foul Ball, location: 2F 0-2: Ball 1-2: Ball 2-2: Foul Ball, location: 2F 2-2: Ground out 4-3 (Groundball, P, EV 88.1 MPH)
|
| Bottom of the 5th over - 3 runs, 1 hit, 2 errors, 0 left on base; Palm Beach 0 - Kelowna 9 |
| TOP OF THE 6TH |
|
Palm Beach Nationals batting - Pitching for Kelowna Heat : RHP Tong Huang
|
|
Batting: RHB Jelexiz Cuenca
|
0-0: Foul Ball, location: 2F 0-1: Fly out, F9 (Flyball, 9D, EV 106.2 MPH)
|
|
Batting: RHB Bobby Bricker
|
0-0: Fly out, F6 (Flyball, 6MD, EV 96.2 MPH)
|
|
Batting: RHB Victor Cintron
|
0-0: Called Strike 0-1: Ball 1-1: Ground out 4-3 (Groundball, 4, EV 100.6 MPH)
|
| Top of the 6th over - 0 runs, 0 hits, 0 errors, 0 left on base; Palm Beach 0 - Kelowna 9 |
| BOTTOM OF THE 6TH |
|
Kelowna Heat batting - Pitching for Palm Beach Nationals : RHP Kiyonaga Nakamura
|
|
Batting: LHB Chris West
|
0-0: Called Strike 0-1: Ball 1-1: Swinging Strike 1-2: Ball 2-2: Ground out U3 (Groundball, 3L, EV 85.6 MPH)
|
|
Batting: LHB Steve Nevis
|
0-0: Ball 1-0: Called Strike 1-1: Foul Ball, location: 2F 1-2: Ground out 1-3 (Groundball, 15S, EV 63.1 MPH)
|
|
Batting: RHB Billy Pranger
|
0-0: Ground out 6-3 (Groundball, 6S, EV 67.5 MPH)
|
| Bottom of the 6th over - 0 runs, 0 hits, 0 errors, 0 left on base; Palm Beach 0 - Kelowna 9 |
| TOP OF THE 7TH |
|
Palm Beach Nationals batting - Pitching for Kelowna Heat : RHP Tong Huang
|
|
Batting: RHB Steve Bauman
|
0-0: Called Strike 0-1: Ball 1-1: Ball 2-1: SOLO HOME RUN (Flyball, 78XD, EV 113.8 MPH), Distance : 437 ft
|
|
Pinch Hitting: RHB Jason Ewert
|
0-0: Ball 1-0: Foul Ball, location: 2F 1-1: Ground out 4-3 (Groundball, 4, EV 90.6 MPH)
|
|
Batting: RHB Chad Madsen
|
0-0: Called Strike 0-1: Ball 1-1: Foul Ball, location: 2F 1-2: Ball 2-2: Foul Ball, location: 2F 2-2: Ball 3-2: Foul Ball, location: 2F 3-2: Base on Balls
|
|
Pitching: RHP Jonathan Simi
|
|
|
Pinch Hitting: RHB Vasag Semerjian
|
0-0: Fly out, F8 (Flyball, 8RM, EV 89.4 MPH)
|
|
Batting: RHB Scott Merritt
|
0-0: Ball 1-0: Called Strike 1-1: Fly out, F6 (Flyball, 6MD, EV 85.6 MPH)
|
| Top of the 7th over - 1 run, 1 hit, 0 errors, 1 left on base; Palm Beach 1 - Kelowna 9 |
| BOTTOM OF THE 7TH |
|
Kelowna Heat batting - Pitching for Palm Beach Nationals : RHP Kiyonaga Nakamura
|
|
Now at 1B: Jessie Fisher
|
|
|
Now at 3B: Jelexiz Cuenca
|
|
|
Now at SS: Jason Ewert
|
|
|
Now in RF: Bobby Bricker
|
|
|
Batting: RHB Malik Sharpless
|
0-0: Called Strike 0-1: Called Strike 0-2: Ball 1-2: Foul Ball, location: 2F 1-2: Ball 2-2: Ball 3-2: SINGLE (Groundball, 56D, EV 108.8 MPH)
|
|
Batting: RHB Josh Truell
|
0-0: Ball 1-0: Called Strike 1-1: Ball 2-1: Foul Ball, location: 2F 2-2: Hit by Pitch Malik Sharpless to second
|
|
Batting: LHB Takaaki Nishimoto
|
0-0: Ball 1-0: Fly out, F8 (Flyball, 8LD, EV 90.6 MPH)
|
|
Batting: RHB Dave Putnam
|
0-0: Called Strike 0-1: Ball 1-1: SINGLE (Flyball, 5D, EV 98.8 MPH) Malik Sharpless to third Josh Truell to second
|
|
Batting: RHB Sadataka Kuwahara
|
0-0: Called Strike 0-1: Called Strike 0-2: GRAND SLAM HOME RUN (Flyball, 78XD, EV 103.1 MPH), Distance : 440 ft
|
|
Pitching: RHP Curtis DeLille
|
|
|
Batting: RHB Miguel Gonzalez
|
0-0: Ball 1-0: Called Strike 1-1: Ball 2-1: Ground out 5-3 (Groundball, 56, EV 93.1 MPH)
|
|
Batting: LHB Chris West
|
0-0: Called Strike 0-1: Ball 1-1: Foul Ball, location: 2F 1-2: Ball 2-2: Strikes out swinging
|
| Bottom of the 7th over - 4 runs, 3 hits, 0 errors, 0 left on base; Palm Beach 1 - Kelowna 13 |
| TOP OF THE 8TH |
|
Palm Beach Nationals batting - Pitching for Kelowna Heat : RHP Jonathan Simi
|
|
Batting: RHB Dave Burwell
|
0-0: Ball 1-0: Foul Ball, location: 2F 1-1: Ball 2-1: Foul Ball, location: 2F 2-2: Foul Ball, location: 2F 2-2: Foul Ball, location: 2F 2-2: Ball 3-2: Base on Balls
|
|
Batting: RHB Jelexiz Cuenca
|
0-0: Grounds into double play, 5-4-3 (Groundball, 56S, EV 85.0 MPH)
|
|
Batting: RHB Bobby Bricker
|
0-0: Ball 1-0: Called Strike 1-1: Ball 2-1: Foul Ball, location: 2F 2-2: Ball 3-2: Strikes out swinging
|
| Top of the 8th over - 0 runs, 0 hits, 0 errors, 0 left on base; Palm Beach 1 - Kelowna 13 |
| BOTTOM OF THE 8TH |
|
Kelowna Heat batting - Pitching for Palm Beach Nationals : RHP Curtis DeLille
|
|
Batting: LHB Steve Nevis
|
0-0: Ball 1-0: Called Strike 1-1: Ball 2-1: Foul Ball, location: 2F 2-2: SINGLE (Line Drive, 9LS, EV 112.5 MPH)
|
|
Batting: RHB Billy Pranger
|
0-0: Ball 1-0: Ball 2-0: Called Strike 2-1: Foul Ball, location: 2F 2-2: Strikes out swinging
|
|
Batting: RHB Malik Sharpless
|
0-0: Swinging Strike 0-1: Ball 1-1: Fly out, F6 (Popup, 6S, EV 76.2 MPH)
|
|
Batting: RHB Josh Truell
|
0-0: Called Strike 0-1: Swinging Strike 0-2: Strikes out swinging, 2-3 out at first.
|
| Bottom of the 8th over - 0 runs, 1 hit, 0 errors, 1 left on base; Palm Beach 1 - Kelowna 13 |
| TOP OF THE 9TH |
|
Palm Beach Nationals batting - Pitching for Kelowna Heat : RHP Jonathan Simi
|
|
Batting: RHB Victor Cintron
|
0-0: Swinging Strike 0-1: Reached on error, E8 (Flyball, 8LM, EV 86.2 MPH)
|
|
Batting: RHB Steve Bauman
|
0-0: 2-RUN HOME RUN (Flyball, 9D, EV 94.4 MPH), Distance : 387 ft
|
|
Pinch Hitting: LHB Mike Hamilton
|
0-0: SINGLE (Flyball, 6MD, EV 97.5 MPH)
|
|
Batting: RHB Chad Madsen
|
0-0: Ball Wild Pitch! Mike Hamilton to second 1-0: 2-RUN HOME RUN (Flyball, 7LD, EV 91.2 MPH), Distance : 342 ft
|
|
Batting: RHB Jessie Fisher
|
0-0: Ball 1-0: Ball 2-0: Ball 3-0: Called Strike 3-1: Fly out, F7 (Line Drive, 7, EV 105.6 MPH)
|
|
Batting: RHB Scott Merritt
|
0-0: Ball 1-0: Ball 2-0: SINGLE (Line Drive, 4D, EV 93.8 MPH)
|
|
Pitching: RHP Ricky Fo
|
|
|
Batting: RHB Dave Burwell
|
0-0: Called Strike 0-1: Ball 1-1: Ball 2-1: SINGLE (Line Drive, 78M, EV 105.6 MPH) Scott Merritt to second
|
|
Batting: RHB Jelexiz Cuenca
|
0-0: Grounds into double play, 6-4-3 (Groundball, 56D, EV 84.4 MPH)
|
| Top of the 9th over - 4 runs, 5 hits, 1 error, 1 left on base; Palm Beach 5 - Kelowna 13 |
|